 Dungeon Crawl Stone Soup version 0.28-a0-511-gcc94558de3 (webtiles) character file.

Game seed: 4035816361554162277

8 Rennog the Skirmisher (level 2, 24/24 HPs)
             Began as a Demonspawn Fighter on Sept 21, 2021.
             Quit the game on level 1 of the Dungeon.
             The game lasted 00:00:17 (278 turns).

Rennog the Skirmisher (Demonspawn Fighter)           Turns: 278, Time: 00:00:17

Health: 24/24      AC:  6    Str: 16    XL:     2   Next: 0%
Magic:  2/2        EV:  9    Int:  9    God:
Gold:   0          SH:  4    Dex: 12    Spells: 1/1 levels left

rFire   . . .      SeeInvis .   a - +0 rapier
rCold   . . .      Faith    .   c - +0 buckler
rNeg    . . .      Spirit   .   b - +0 scale mail
rPois   .          Reflect  .   (no helmet)
rElec   .          Harm     .   (no cloak)
rCorr   .          Rampage  .   (no gloves)
Will    .....                   (no boots)
Stlth   ..........              (no amulet)
HPRegen 0.08/turn               (no ring)
MPRegen 0.08/turn               (no ring)

@: no status effects
A: hooves 1
a: no special abilities


You were on level 1 of the Dungeon.
You visited 1 branch of the dungeon, and saw 1 of its levels.

Inventory:

Hand Weapons
 a - a +0 rapier (weapon)
Armour
 b - a +0 scale mail (worn)
 c - a +0 buckler (worn)
Potions
 d - 2 potions of might
 e - a potion of mutation {unknown}


   Skills:
 * Level 3.4 Fighting
 - Level 1.7 Short Blades
 - Level 2.6 Armour
 + Level 0.6 Dodging
 - Level 2.6 Shields


You had one spell level left.
You didn't know any spells.
Your spell library was empty.

Dungeon Overview and Level Annotations

Branches:
Dungeon (1/15)

Altars:


Innate Abilities, Weirdness & Mutations

You have large cloven feet.


Message History

The ball python constricts you.
You hit the ball python.
You kill the ball python!
No target in view!
No target in view!
No target in view!
No target in view!
e - a fizzy ruby potion
Found a whip and 17 bolts.
A giant cockroach comes into view.
A giant cockroach is nearby!
The giant cockroach bites you but does no damage.
You hit the giant cockroach.
The giant cockroach is severely wounded.
The giant cockroach bites you but does no damage.
The giant cockroach barely misses you.
You hit the giant cockroach.
You kill the giant cockroach!
No target in view!
No target in view!
No target in view!
No target in view!
No target in view!
A bat comes into view.
A bat is nearby!
A bat is nearby!
A bat is nearby!
The bat hits you but does no damage.
You hit the bat.
You kill the bat!
You have reached level 2!
Your demonic ancestry asserts itself...
Your feet thicken and deform.
You open the door.
There is an open door here.
An endoplasm comes into view.
The endoplasm quivers.
An endoplasm is nearby!
An endoplasm is nearby!
Are you sure you want to abandon this character and quit the game? (Confirm with "yes".)

#.#### #.##.####. #.#
#######.##...... #.#
#.......######.. #.#
#.#####.....##.. #.#
#.###.##.. #.#######
###.###.##..
#.......# #
.........#..
#######'#.#
.....##(†... #..^@..#
............
#......##+##.........
#......... #.###.....
............# #)##.#
##.###.......# #.#...
#. #.......# #.#... #
#.J.....# #.###.
......... ... ...


You could see an endoplasm.

Vanquished Creatures
  2 ball pythons (D:1)
  A giant cockroach (D:1)
  2 hobgoblins (D:1)
  A quokka (D:1)
  A bat (D:1)
7 creatures vanquished.

Notes
Turn   | Place    | Note
-------+----------+-------------------------------------------
     0 | D:1      | Rennog the Demonspawn Fighter began the quest for the Orb.
     0 | D:1      | Reached XP level 1. HP: 18/18 MP: 1/1
   220 | D:1      | Gained mutation: You have large cloven feet. [demonic
                  | ancestry]
   220 | D:1      | Reached XP level 2. HP: 24/24 MP: 2/2
   278 | D:1      | Quit the game

Illustrated notes

Levels and vault maps discovered:
D:1:      minmay_arrival_split_and_join, layout_basic

Action                   || total
-------------------------++-------
Melee: Rapier            ||    24
Armor: Scale mail        ||    12
Dodge: Dodged            ||     8
Block: Buckler           ||     9

Table legend: (Time is in decaauts)
 A = Elapsed time spent in this place.
 B = Non-inter-level travel time spent in this place.
 C = Inter-level travel time spent in this place.
 D = Time resting spent in this place.
 E = Time spent auto-exploring this place.
 F = Levels seen in this place.
 G = Mean time per level.
                   A        B        C        D        E       F      G
               +--------+--------+--------+--------+--------+-----+--------+
         Total |    281 |    281 |      0 |      0 |    233 |   1 |  281.0 |
       Dungeon |    281 |    281 |      0 |      0 |    233 |   1 |  281.0 |
               +--------+--------+--------+--------+--------+-----+--------+

Top non-repeatable levels by time:
     D:1: 281 daAuts
